 Dungeon Crawl Stone Soup version 0.28-a0-915-gcd63401287 (webtiles) character file.

Game seed: 16257546880372527476

43064 sanka the Stormcaller (level 14, -6/92 HPs)
             Began as a Tengu Air Elementalist on Nov 24, 2021.
             Was a High Priest of Vehumet.
             Mangled by a boulder beetle (35 damage)
             ... on level 5 of the Lair of Beasts on Nov 25, 2021.
             The game lasted 01:12:28 (28370 turns).

sanka the Stormcaller (Tengu Air Elementalist)     Turns: 28370, Time: 01:12:29

Health: -6/92      AC: 12    Str:  9    XL:     14   Next: 22%
Magic:  32/37      EV: 23    Int: 26    God:    Vehumet [*****.]
Gold:   2089       SH:  5    Dex: 15    Spells: 2/32 levels left

rFire   + . .      SeeInvis .   a - staff of air
rCold   + . .      Faith    +   F - +0 buckler
rNeg    . . .      Spirit   .   Y - +1 robe {Archmagi}
rPois   .          Reflect  .   c - +4 hat of Cioj {Drain MP+9 Stlth+}
rElec   +          Harm     .   M - scarf {rC+ rF+}
rCorr   .          Rampage  .   K - +0 pair of gloves
Will    +....      Archmagi +   (boots unavailable)
Stlth   +++.......              z - amulet of faith
HPRegen 0.25/turn               G - +6 ring of intelligence
MPRegen 0.25/turn               E - +4 ring of protection

@: flying quickly and evasively, quick
A: beak, talons 3, nimble flight
a: Renounce Religion


You were on level 5 of the Lair of Beasts.
You worshipped Vehumet.
Vehumet was extremely pleased with you.
You visited 3 branches of the dungeon, and saw 18 of its levels.
You also visited: Sewer and Volcano.

You collected 2269 gold pieces.
You spent 180 gold pieces at shops.


Innate Abilities, Weirdness & Mutations

You have a beak for a mouth.
You have claws for feet.
Your magical nature lets you fly swiftly and evasively.


   Skills:
 - Level 12.0 Fighting
 - Level 14.0 Dodging
 - Level 2.0 Stealth
 - Level 4.0 Shields
 * Level 9.9 Spellcasting
 - Level 4.0 Conjurations
 + Level 16.9 Air Magic


You had 2 spell levels left.
You knew the following spells:

 Your Spells              Type           Power      Damage    Failure   Level
c - Lightning Bolt        Conj/Air       50%        1d71      1%          5
u - Summon Lightning Spi  Summ/Air       91%        N/A       1%          4
x - Airstrike             Air            61%        N/A       1%          4
y - Maxwell's Capacitive  Air            61%        ∞         8%          8
z - Shock                 Conj/Air       100%       1d9       1%          1
X - Conjure Ball Lightni  Conj/Air       50%        3x3d17    2%          6
Z - Static Discharge      Conj/Air       100%       N/A       1%          2

Your spell library contained the following spells:

 Spells                   Type           Power      Damage    Failure   Level
 Iskenderun's Battlesphe  Conj           50%        2d10      7%          5
 Foxfire                  Conj/Fire      100%       2x1d9     1%          1
 Animate Skeleton         Necr           38%        N/A       4%          1
 Apportation              Tloc           38%        N/A       4%          1
 Slow                     Hex            76%        N/A       4%          1
 Summon Small Mammal      Summ           76%        N/A       4%          1
 Ensorcelled Hibernation  Hex/Ice        38%        N/A       7%          2
 Swiftness                Air            100%       N/A       0%          3
 Conjure Flame            Conj/Fire      34%        6-21      1%          3
 Inner Flame              Hex/Fire       19%        N/A       4%          3
 Silence                  Hex/Air        45%        N/A       4%          5
 Flame Wave               Conj/Fire      34%        3d7       5%          4
 Call Canine Familiar     Summ           19%        N/A       14%         3
 Confusing Touch          Hex            19%        N/A       14%         3
 Portal Projectile        Hex/Tloc       38%        N/A       14%         3
 Spider Form              Tmut/Pois      19%        N/A       14%         3
 Yara's Violent Unravell  Hex/Tmut       9%         3d6       32%         5
 Leda's Liquefaction      Hex/Erth       9%         N/A       43%         4
 Petrify                  Tmut/Erth      19%        N/A       43%         4
 Metabolic Englaciation   Hex/Ice        9%         N/A       78%         5
 Summon Forest            Summ/Tloc      9%         N/A       78%         5
 Summon Mana Viper        Hex/Summ       19%        N/A       78%         5
 Eringya's Noxious Bog    Tmut/Pois      9%         N/A       83%         6
 Statue Form              Tmut/Erth      12%        N/A       100%        6
 Summon Hydra             Summ           9%         N/A       100%        7

Inventory:

Hand Weapons
 g - a +1 lajatang of flaming
Missiles
 C - 7 curare-tipped darts {=f}
 W - 2 throwing nets {=f}
Armour
 c - the +4 hat of Cioj (worn) {Drain MP+9 Stlth+}

   MP:        It affects your magic capacity (+9).
   Drain:     It drains your maximum health when unequipped.
   Stlth:     It makes you more stealthy.
 F - a +0 buckler (worn)
 K - a +0 pair of gloves (worn)
 M - a scarf of resistance (worn)
 Y - a +1 robe of the Archmagi (worn)
 Z - a +1 hat of intelligence
Magical Staves
 a - a staff of air (weapon)
Jewellery
 l - a ring of protection from cold
 z - an amulet of faith (around neck)
 A - a ring of see invisible
 E - a +4 ring of protection (right hand)
 G - a +6 ring of intelligence (left hand)
 N - a +4 ring of evasion
 R - a ring of wizardry
 S - a ring of poison resistance
Wands
 k - a wand of digging (10)
 v - a wand of acid (9)
 B - a wand of iceblast (4)
 P - a wand of polymorph (8)
 Q - a wand of charming (13)
Scrolls
 e - 4 scrolls of teleportation {@r4}
 i - 2 scrolls of torment {!r}
 j - 2 scrolls of magic mapping {unknown}
 n - 10 scrolls of fog
 o - 2 scrolls of enchant armour {unknown}
 r - 5 scrolls of fear
 w - 2 scrolls of immolation {!r}
 x - a scroll of silence {unknown}
 y - 3 scrolls of blinking
 D - 3 scrolls of summoning {unknown}
 L - a scroll of brand weapon {unknown}
 X - a scroll of enchant weapon {unknown}
Potions
 d - 5 potions of heal wounds {unknown}
 f - 2 potions of resistance {unknown}
 h - 13 potions of curing {@q1}
 m - 6 potions of brilliance {unknown}
 p - a potion of invisibility {unknown}
 q - 2 potions of mutation {unknown}
 s - 2 potions of magic {unknown}
 t - 3 potions of cancellation {unknown}
 u - 5 potions of might {unknown}
 H - a potion of haste {unknown}
 I - 2 potions of degeneration {unknown}
 O - 3 potions of flight {unknown}
 U - 3 potions of lignification {unknown}
Miscellaneous
 T - a lightning rod (4/4)

Dungeon Overview and Level Annotations

Branches:
Dungeon (11/15)            Temple (1/1) D:5            Lair (6/6) D:10
  Snake (0/4) Lair:2          Orc (0/2) D:9           Sewer (visited)
Volcano (visited)
  Swamp: Lair:2-4    Shoals: Lair:2-4     Slime: Lair:5-6

Altars:
Ashenzari
Cheibriados
Dithmenos
Elyvilon
Fedhas
Gozag
Hepliaklqana
Kikubaaqudgha
Makhleb
Nemelex Xobeh
Okawaru
Qazlal
Ru
Sif Muna
Trog
Uskayaw
Vehumet
Wu Jian
Xom
Yredelemnul
Zin
The Shining One

Shops:
D:2 =   D:4 *   D:6 (

Annotations:
D:4 2 transporters
D:10 exclusions: ice statue and obsidian statue

▒Y▒..▒.....°...
▒........°.°.. ▒▒▒
▒▒.....°°.♣♣☼☼
▒.▒▒▒........♣♣ . ▒
▒...YF........♣ ..
▒▒...Y.°°.......♣
..▒.▒▒.....°...........
........YY°.........♣♣.
.▒▒...QBF.........♣♣
..f................♣
..fff...............
...................
....P.............
.........?.......
.....▒..........
...............


You could see a boulder beetle (rolling), 4 yaks and 2 blink frogs.


Message History

The yak looks frightened!
The yak looks frightened!
The yak looks frightened!
The yak looks frightened!
The yak looks frightened!
The boulder beetle looks frightened!
Something gores the fungus!
Something gores the fungus!
The boulder beetle leaps!
Unknown command.
Unknown command.
A nearby fungus withers and dies.
The yak gores you.
* * * LOW HITPOINT WARNING * * *
Unknown command.
A nearby fungus withers and dies.
A nearby fungus withers and dies.
The boulder beetle curls into a ball and begins rolling!
The blink frog croaks.
The blink frog blinks!
The yak seems to regain its courage.
Cornered, the yak turns to fight!
The blink frog blinks!
The boulder beetle seems to regain its courage.
The blink frog closely misses you. The blink frog completely misses you.
Found a scroll of identify.
The blink frog blinks!
The boulder beetle hits you!!
You die...

Action                   |  1- 3 |  4- 6 |  7- 9 | 10-12 | 13-15 || total
-------------------------+-------+-------+-------+-------+-------++-------
Melee: Unarmed           |     4 |       |       |       |       ||     4
       Short sword       |    21 |    44 |       |    12 |       ||    77
       Kick              |     4 |    13 |     1 |    47 |     4 ||    69
       Peck              |     1 |    10 |       |    24 |       ||    35
       Staff             |       |     6 |     2 |   163 |    10 ||   181
 Cast: Shock             |    56 |   127 |   166 |    66 |       ||   415
       Static Discharge  |     3 |     2 |     8 |    97 |    66 ||   176
       Airstrike         |       |     5 |    32 |   215 |   153 ||   405
       Conjure Ball Ligh |       |       |       |       |     1 ||     1
       Maxwell's Capacit |       |       |       |       |     1 ||     1
Evoke: Wand              |       |       |       |     6 |     6 ||    12
  Use: Potion            |     1 |       |       |       |       ||     1
       Scroll            |       |       |     4 |     2 |     6 ||    12
Armor: Robe              |    26 |     7 |     6 |    48 |     9 ||    96
       Leather armour    |       |       |       |     7 |       ||     7
Dodge: Dodged            |    61 |    30 |    65 |   316 |    64 ||   536
Block: Buckler           |       |       |     6 |   100 |    19 ||   125

Levels and vault maps discovered:
D:1:      dpeg_arrival_water_fire, layout_basic,
          dreamdust_ecumenical_altar_drowned_temple, serial_bayou_pond_e,
          amcnicky_mini_rare_corridor_liquid
D:2:      layout_basic, serial_rivers, chequers_serial_rivers_micro_b,
          chequers_serial_rivers_small_3, chequers_serial_rivers_micro_d,
          chequers_serial_rivers_micro_c, chequers_serial_rivers_large_b,
          chequers_serial_rivers_micro_d, serial_shops, shop_coins,
          minmay_joined_circles
D:3:      layout_loops_ring, portal_sewer_entry_c, uniq_grinder
D:4:      gammafunk_wand_slinger, layout_basic, xom_confusion_cloud,
          nicolae_shop_clearance
D:5:      layout_basic, tgw_sif, mainiacjoe_overflow_concentric_impassable,
          mainiacjoe_overflow_chevrons, mainiacjoe_overflow_six_doors_small,
          minmay_temple_entry_proselytizer, roderic_roman_lattice, st_stairs_7
D:6:      layout_cave_pools, serial_shops, nicolae_diamond_shop
D:7:      layout_loops_ring, uniq_duvessa, uniq_joseph
D:8:      layout_cave_pools, trog_butcher_becter, minmay_alternating_orb
D:9:      layout_roguey, nicolae_ru_awakened_eye, hiddenorc2_lemuel,
          minmay_fractal_squares_gapless_7, uniq_grum, uniq_pikel
D:10:     minmay_separated_statues, layout_long_grid, kennysheep_little_box,
          erik_lair_dragon, hangedman_decor_push
D:11:     layout_irregular_city, hellmonk_guarded_unrand_cigotuvi
Temple:   eino_narrow_crystal_temple
Lair:1:   layout_hall_layers, uniq_gastronok
Lair:2:   beast_lair_carwin_large_3, layout_cellular_growth,
          minmay_snake_entry_guardpost_small, nzn_sisyphean_effort
Lair:3:   layout_cave_shapes, grunt_megastairs_5
Lair:4:   layout_layer_cave, swamp_mist, enter_volcano_1,
          nzn_masters_of_martial_movement, lemuel_fruit_tree
Lair:5:   layout_cave_pods, basic_altar, gammafunk_ghost_hive,
          nicolae_lair_grove_arrangements
Lair:6:   minmay_lair_end_frog_pond, layout_layer_cave,
          minmay_slime_entry_oklob_open

Notes
Turn   | Place    | Note
-------+----------+-------------------------------------------
     0 | D:1      | sanka the Tengu Air Elementalist began the quest for the
                  | Orb.
     0 | D:1      | Reached XP level 1. HP: 10/10 MP: 4/4
   175 | D:1      | Reached skill level 2 in Conjurations
   283 | D:1      | Found a faded altar of an unknown god.
   300 | D:1      | Reached XP level 2. HP: 15/15 MP: 4/6
   390 | D:1      | Reached skill level 3 in Conjurations
   754 | D:1      | Reached XP level 3. HP: 19/19 MP: 4/7
  1030 | D:2      | Reached skill level 4 in Conjurations
  1033 | D:2      | Learned a level 2 spell: Static Discharge
  1376 | D:2      | HP: 1/17 [bat (1)]
  1385 | D:2      | Reached skill level 5 in Air Magic
  1639 | D:2      | Reached XP level 4. HP: 23/23 MP: 4/8
  2057 | D:2      | Found Hoheashru's Jewellery Emporium.
  2737 | D:3      | Found a glowing drain.
  2756 | D:3      | Reached skill level 6 in Air Magic
  2764 | D:3      | Gained mutation: Your magical nature lets you fly swiftly
                  | and evasively. [Tengu growth]
  2764 | D:3      | Reached XP level 5. HP: 16/28 MP: 3/9
  2918 | Sewer    | Entered a sewer
  3914 | D:3      | Noticed Grinder
  3931 | D:2      | Learned a level 4 spell: Airstrike
  4011 | D:3      | Paralysed by Grinder for 4 turns
  4144 | D:3      | Killed Grinder
  4145 | D:3      | Reached skill level 8 in Air Magic
  4145 | D:3      | Reached XP level 6. HP: 32/32 MP: 0/10
  5013 | D:4      | Noticed a necrophage
  5031 | D:4      | Found a shimmering altar of Xom.
  5090 | D:4      | Reached skill level 9 in Air Magic
  5440 | D:4      | Reached XP level 7. HP: 36/36 MP: 5/11
  5560 | D:4      | Reached skill level 10 in Air Magic
  5632 | D:4      | Found a transporter.
  5721 | D:4      | Found Goporal's CLEARANCE SALE!.
  5740 | D:4      | Found a transporter.
  6154 | D:5      | Entered Level 5 of the Dungeon
  6189 | D:5      | Found a radiant altar of Vehumet.
  6210 | D:5      | Reached skill level 11 in Air Magic
  6286 | D:5      | Found a stormy altar of Qazlal.
  6386 | D:5      | Reached XP level 8. HP: 33/41 MP: 8/12
  6881 | D:5      | Reached skill level 12 in Air Magic
  6881 | D:5      | Reached skill level 3 in Dodging
  6961 | D:5      | Found a glowing silver altar of Zin.
  7009 | D:5      | Found a shimmering blue altar of Sif Muna.
  7055 | D:5      | Found a staircase to the Ecumenical Temple.
  7144 | Temple   | Entered the Ecumenical Temple
  7309 | D:5      | Reached skill level 4 in Dodging
  7417 | D:5      | Became a worshipper of Vehumet
  7534 | D:5      | Reached skill level 5 in Dodging
  7821 | D:4      | Bought a +4 ring of protection for 180 gold pieces
  7968 | D:6      | Reached skill level 1 in Shields
  8132 | D:6      | Reached skill level 2 in Shields
  8442 | D:6      | You are sucked into a shaft and drop 1 floor!
  8448 | D:7      | Noticed Joseph
  8512 | D:6      | Found Orafaly's Weapon Boutique.
  8630 | D:7      | Reached skill level 6 in Dodging
  8630 | D:7      | Reached XP level 9. HP: 33/45 MP: 9/13
  8711 | D:7      | Reached skill level 3 in Shields
  8786 | D:7      | Noticed Duvessa
  8787 | D:7      | Noticed Dowan
  9007 | D:7      | Reached skill level 4 in Shields
  9124 | D:7      | Reached skill level 7 in Dodging
  9488 | D:7      | Killed Duvessa
  9581 | D:7      | Killed Dowan
  9582 | D:7      | Reached skill level 8 in Dodging
  9737 | D:7      | Reached skill level 1 in Fighting
  9895 | D:7      | Reached skill level 2 in Fighting
  9972 | D:7      | Reached skill level 3 in Fighting
  9974 | D:7      | Reached skill level 4 in Fighting
 10982 | D:7      | Killed Joseph
 10983 | D:7      | Reached skill level 5 in Fighting
 11378 | D:8      | Reached skill level 6 in Fighting
 11378 | D:8      | Reached XP level 10. HP: 47/60 MP: 10/14
 11508 | D:8      | Reached * piety under Vehumet
 11508 | D:8      | Offered knowledge of Foxfire by Vehumet.
 11575 | D:8      | Identified a scarf of resistance
 11917 | D:8      | Reached skill level 13 in Air Magic
 12635 | D:8      | Reached skill level 14 in Air Magic
 13164 | D:8      | Found a bloodstained altar of Trog.
 13221 | D:8      | Offered knowledge of Searing Ray by Vehumet.
 13581 | D:9      | Reached skill level 15 in Air Magic
 13674 | D:9      | Noticed a two-headed ogre
 13718 | D:9      | Killed a two-headed ogre
 13845 | D:9      | Reached skill level 7 in Fighting
 13845 | D:9      | Reached skill level 9 in Dodging
 13845 | D:9      | Reached XP level 11. HP: 54/67 MP: 2/15
 13859 | D:9      | Reached ** piety under Vehumet
 14853 | D:9      | Offered knowledge of Inner Flame by Vehumet.
 14866 | D:9      | Found a staircase to the Orcish Mines.
 14984 | D:9      | Reached *** piety under Vehumet
 15182 | D:9      | Noticed Pikel
 15187 | D:9      | Killed Pikel
 15188 | D:9      | Reached skill level 8 in Fighting
 15188 | D:9      | Reached skill level 10 in Dodging
 15293 | D:9      | Found a sacrificial altar of Ru.
 15293 | D:9      | Noticed Grum
 15420 | D:9      | Killed Grum
 15565 | D:9      | Offered knowledge of Fulminant Prism by Vehumet.
 15815 | D:9      | Noticed a white ugly thing
 17180 | D:10     | Entered Level 10 of the Dungeon
 17182 | D:10     | Found a basalt altar of Yredelemnul.
 17262 | D:10     | Upgraded the game from 0.28-a0-909-g796cbd3a86 to
                  | 0.28-a0-915-gcd63401287
 17383 | D:10     | Reached skill level 9 in Fighting
 17563 | D:10     | Noticed a rakshasa
 17764 | D:10     | Noticed an obsidian statue
 17776 | D:10     | Reached **** piety under Vehumet
 17895 | D:10     | Reached skill level 11 in Dodging
 18525 | D:10     | Found a staircase to the Lair.
 18901 | D:11     | Offered knowledge of Lee's Rapid Deconstruction by Vehumet.
 19130 | D:11     | Identified a +1 robe of the Archmagi
 19269 | D:11     | Reached skill level 3 in Spellcasting
 19269 | D:11     | Reached XP level 12. HP: 68/77 MP: 6/17
 19340 | D:11     | Noticed a two-headed ogre
 19344 | D:11     | Killed a two-headed ogre
 19482 | D:11     | Reached skill level 10 in Fighting
 19735 | D:11     | Reached skill level 4 in Spellcasting
 19801 | D:11     | Reached skill level 12 in Dodging
 19872 | D:11     | Noticed a two-headed ogre
 19879 | D:11     | Killed a two-headed ogre
 20178 | D:11     | Reached skill level 5 in Spellcasting
 20255 | D:11     | Reached skill level 6 in Spellcasting
 20470 | D:11     | Found the +4 Cigotuvi's embrace {rMiasma Drain rN+}
 20839 | Lair:1   | Entered Level 1 of the Lair of Beasts
 21122 | Lair:1   | Noticed Gastronok
 21376 | Lair:1   | HP: 1/77 [Gastronok/the air (28)]
 21877 | Lair:1   | Killed Gastronok
 22489 | Lair:1   | Identified +0 acid dragon scales
 22710 | Lair:2   | Found a staircase to the Snake Pit.
 23004 | Lair:2   | Reached skill level 11 in Fighting
 23184 | Lair:2   | Reached skill level 13 in Dodging
 23340 | Lair:2   | Noticed a boulder beetle
 23698 | Lair:2   | Killed a boulder beetle
 23928 | Lair:2   | Reached XP level 13. HP: 83/84 MP: 16/23
 24668 | Lair:3   | Reached ***** piety under Vehumet
 24668 | Lair:3   | Offered knowledge of Lightning Bolt by Vehumet.
 24679 | Lair:3   | Learned a level 5 spell: Lightning Bolt
 25122 | Lair:3   | Learned a level 8 spell: Maxwell's Capacitive Coupling
 25482 | Lair:4   | Reached skill level 12 in Fighting
 25486 | Lair:4   | Reached skill level 14 in Dodging
 25518 | Lair:4   | Identified 2 scrolls of acquirement
 25519 | Lair:4   | Acquired 1131 gold pieces
 25521 | Lair:4   | Acquired the Grimoire of Feathery Bewitchment
 25645 | Lair:4   | Found a dark tunnel.
 25662 | Volcano  | Entered a volcano
 25801 | Volcano  | Identified +0 steam dragon scales
 25846 | Volcano  | Identified +0 steam dragon scales
 25978 | Volcano  | Identified +0 steam dragon scales
 26099 | Volcano  | Identified +0 steam dragon scales
 26312 | Volcano  | Reached skill level 7 in Spellcasting
 26520 | Volcano  | Noticed a fire dragon
 26537 | Volcano  | Killed a fire dragon
 26666 | Volcano  | Identified the +4 hat of Cioj {Drain MP+9 Stlth+}
 26753 | Volcano  | Learned a level 6 spell: Conjure Ball Lightning
 26910 | Lair:4   | Found an ornate altar of the Wu Jian Council.
 26910 | Lair:4   | Found a hide-covered altar of Uskayaw.
 26916 | Lair:4   | You are sucked into a shaft and drop 2 floors!
 26916 | Lair:6   | Entered Level 6 of the Lair of Beasts
 26980 | Lair:6   | Reached skill level 16 in Air Magic
 27048 | Lair:6   | Reached skill level 8 in Spellcasting
 27399 | Lair:6   | Reached XP level 14. HP: 92/92 MP: 27/27
 27437 | Lair:6   | Reached skill level 9 in Spellcasting
 28061 | Lair:6   | Learned a level 4 spell: Summon Lightning Spire
 28062 | Lair:6   | Offered knowledge of Iskenderun's Battlesphere by Vehumet.
 28370 | Lair:5   | Mangled by a boulder beetle

Vanquished Creatures
  Gastronok (Lair:1)
  A fire dragon (Volcano)
  A hydra (Lair:6)
  2 boulder beetles
  3 two-headed ogres
  5 sun demons (Volcano)
  2 goliath frogs (Lair:6)
  Pikel (D:9)
  3 elephants (Lair:6)
  2 cyclopes (D:11)
  Joseph (D:7)
  12 cane toads
  A rime drake (Lair:6)
  2 kobold demonologists (D:11)
  10 komodo dragons
  A freezing wraith (D:9)
  A troll (D:10)
  A tengu conjurer (D:9)
  7 polar bears
  A queen bee (shapeshifter) (D:9)
  3 hellwings (D:11)
  A tyrant leech (Lair:6)
  11 blink frogs
  Grinder (D:3)
  30 yaks
  2 shadows
  9 steam dragons
  3 wyverns
  Grum (D:9)
  9 vampire mosquitoes
  5 basilisks
  3 nagas (Lair:2)
  7 water moccasins
  3 hell hounds (Volcano)
  3 acid dragons
  Duvessa (D:7)
  A swamp drake (D:10)
  An ice beast (D:7)
  6 black bears (Lair:2)
  6 orc warriors
  3 necrophages
  2 ogres (D:5)
  3 sky beasts
  5 centaurs
  17 wolves
  2 kobold brigands
  12 bullfrogs
  A gnoll sergeant (D:5)
  5 scorpions
  Dowan (D:7)
  5 killer bees (D:8)
  11 wights
  8 howler monkeys
  8 centaur zombies
  2 gnoll shamans
  A jelly (D:4)
  4 centaur skeletons
  9 orc priests
  7 hounds
  3 iguanas
  6 orc wizards
  A killer bee zombie (D:8)
  A howler monkey zombie (D:8)
  11 adders
  7 gnolls
  2 river rats (D:3)
  2 white imps (D:5)
  4 ufetubi
  An adder skeleton (D:5)
  2 worms
  2 dart slugs (D:4)
  40 orcs
  21 ball pythons
  12 bats
  7 endoplasms
  6 giant cockroaches
  10 goblins
  9 hobgoblins
  5 jackals
  9 quokkas
  3 frilled lizards
  24 kobolds
  4 rats
  A spectral hobgoblin (D:1)
463 creatures vanquished.

Vanquished Creatures (others)
  An ogre (D:4)
  An orc (D:8)
  A giant cockroach (D:4)
  3 ball lightnings (Lair:6)
  46 fungi
  95 plants
147 creatures vanquished.

Grand Total: 610 creatures vanquished
